 Dungeon Crawl Stone Soup version 0.29.0-13-gc9e81de378 (webtiles) character file.

Game seed: 6217726411756300036

126 SensoryNuts the Slasher (level 4, -17/35 HPs)
             Began as a Demonspawn Fighter on Sept 8, 2022.
             Demolished by an ogre
             ... wielding a +0 giant spiked club
              (19 damage)
             ... on level 4 of the Dungeon.
             The game lasted 00:04:35 (4087 turns).

SensoryNuts the Slasher (Demonspawn Fighter)        Turns: 4087, Time: 00:04:36

Health: -17/35     AC:  8    Str: 17    XL:     4   Next: 84%
Magic:  4/4        EV:  9    Int:  9    God:
Gold:   140        SH:  5    Dex: 14    Spells: 3/3 levels left

rFire   . . .      SeeInvis .   a - +1 long sword
rCold   . . .      Faith    .   c - +0 buckler
rNeg    . . .      Spirit   .   b - +0 scale mail
rPois   .          Reflect  .   (no helmet)
rElec   .          Harm     .   (no cloak)
rCorr   .          Rampage  .   (no gloves)
Will    .....                   (no boots)
Stlth   ..........              (no amulet)
HPRegen 0.11/turn               (no ring)
MPRegen 0.09/turn               (no ring)

@: flying
A: claws 1, yellow scales 1
a: no special abilities


You were on level 4 of the Dungeon.
You visited 1 branch of the dungeon, and saw 4 of its levels.

You collected 140 gold pieces.

Inventory:

Hand Weapons
 a - a +1 long sword (weapon)
Armour
 b - a +0 scale mail (worn)
 c - a +0 buckler (worn)
Wands
 i - a wand of acid (8)
Potions
 d - 2 potions of lignification {unknown}
 e - a potion of degeneration
 g - 2 potions of attraction


   Skills:
 + Level 3.4 Fighting
 * Level 3.5 Long Blades
 + Level 3.3 Armour
 + Level 0.5 Dodging
 + Level 0.3 Stealth
 + Level 2.9 Shields


You had 3 spell levels left.
You didn't know any spells.
Your spell library contained the following spells:

 Spells                   Type           Power      Damage    Failure   Level
 Magic Dart               Conj           0%         1d3       87%         1
 Call Imp                 Summ           0%         N/A       95%         2
 Mephitic Cloud           Conj/Pois/Air  0%         N/A       99%         3


Dungeon Overview and Level Annotations

Branches:
Dungeon (4/15)
 Temple: D:4-7

Altars:
Ru

Annotations:
D:4 Robin


Innate Abilities, Weirdness & Mutations

You have sharp fingernails.
You are partially covered in yellow scales. (AC +2)


Message History

The kobold throws a poisoned dart.
The poisoned dart barely misses you.
A goblin comes into view. It is wielding a +0 club.
The goblin unwields a +0 club.
The goblin wields a +0 sling.
The goblin shoots a sling bullet.
The sling bullet barely misses you.
You hear a shout! x3
You hit the ogre.
The ogre is lightly wounded.
You hear a shout!
The ogre barely misses you. The kobold closely misses you.
The kobold hits you with a +0 whip.
A goblin comes into view. It is wielding a +0 dagger. x2
You barely miss the ogre.
The ogre is lightly wounded.
You block the ogre's attack. You block the kobold's attack.
You hit the ogre.
The ogre is lightly wounded.
The ogre barely misses you. The kobold hits you but does no damage.
The goblin unwields a +0 sling.
The goblin wields a +0 club.
The goblin hits you but does no damage.
You slash the ogre!
The ogre is heavily wounded.
You block the goblin's attack. The kobold hits you but does no damage.
Robin of the Strong Arm comes into view.
They are wielding a +0 spear.
The goblin hits you but does no damage.
The ogre hits you with a +0 giant spiked club!!
Ouch! That really hurt!
* * * LOW HITPOINT WARNING * * *
The kobold attacks as you move away! The kobold hits you but does no damage.
A scorpion comes into view.
Robin throws the goblin at you! The goblin hits you with a +0 club.
* * * LOW HITPOINT WARNING * * *
Okay, then.
You aren't carrying any scrolls.
You aren't carrying any scrolls.
It was a potion of flight.
You feel very buoyant.
You fly up into the air.
The goblin hits you but does no damage.
The ogre hits you with a +0 giant spiked club!!
Ouch! That really hurt!
You die...

.. #. +...†'.....#
#..##.##....###.#.#
......#.....+ #.#.#
##........#.#.#.#
+..........>#.#..
#####.###.....# .
#...........###
###.#g####....
...###.#@#####+##
.......gggO......
...s...J#K.......
...######.)......
.. g....#### #....#
#...?# #....#
#.....


You could see an ogre, a scorpion, Robin, an endoplasm, a hobgoblin, 3 goblins
and a kobold.

Vanquished Creatures
  An orc wizard (D:3)
  An adder (D:4)
  2 worms
  2 dart slugs (D:2)
  3 orcs (D:3)
  8 ball pythons
  4 bats
  10 endoplasms
  2 giant cockroaches
  9 hobgoblins
  2 jackals (D:1)
  4 quokkas
  5 frilled lizards
  5 goblins
  9 kobolds
  6 rats
73 creatures vanquished.

Notes
Turn   | Place    | Note
-------+----------+-------------------------------------------
     0 | D:1      | SensoryNuts the Demonspawn Fighter began the quest for the
                  | Orb.
     0 | D:1      | Reached XP level 1. HP: 18/18 MP: 1/1
   228 | D:1      | Gained mutation: You have sharp fingernails. [demonic
                  | ancestry]
   228 | D:1      | Reached XP level 2. HP: 2/24 MP: 2/2
  1034 | D:1      | Found a faded altar of an unknown god.
  1508 | D:1      | Reached XP level 3. HP: 21/29 MP: 3/3
  2826 | D:3      | Gained mutation: You are partially covered in yellow
                  | scales. (AC +2) [demonic ancestry]
  2826 | D:3      | Reached XP level 4. HP: 12/35 MP: 4/4
  3092 | D:3      | Found a sacrificial altar of Ru.
  3701 | D:3      | HP: 1/35 [orc/+0 flail (3)]
  4079 | D:4      | Noticed an ogre
  4085 | D:4      | Noticed Robin
  4086 | D:4      | Noticed a scorpion
  4086 | D:4      | HP: 1/35 [goblin/+0 club[Robin] (3)]
  4087 | D:4      | Demolished by an ogre

Illustrated notes

Levels and vault maps discovered:
D:1:      lightli_arrival_chessboard, layout_basic,
          shapermc_ecumenical_altar_acropolis
D:2:      layout_rooms
D:3:      minmay_diamond_boxcup, layout_basic,
          mainiacjoe_overflow_small_starburst, nicolae_ru_sacrificial_ziggurat,
          st_stairs_8
D:4:      minmay_chambers_of_fours, layout_basic, amcnicky_altar_gilded,
          minmay_misc_feat_cross, uniq_ijyb, uniq_robin, uniq_menkaure

Skill      XL: |  1  2  3 |
---------------+----------+-----
Long Blades    | 2 3 |  3.5
Armour         | 3 |  3.3
Fighting       | |  3.4
Dodging        | |  0.5
Stealth        | |  0.3
Shields        | |  2.9

Action                   |  1- 3 |  4- 6 || total
-------------------------+-------+-------++-------
Melee: Long sword        |   186 |    74 ||   260
  Use: Potion            |     2 |     2 ||     4
       Scroll            |     8 |     3 ||    11
Armor: Scale mail        |   111 |    45 ||   156
Dodge: Dodged            |    94 |    42 ||   136
Block: Buckler           |    36 |    24 ||    60
